 Dungeon Crawl Stone Soup version 0.30.0-10-gfe55d96785 (webtiles) character file.

Game seed: 15119740141605705546

1444 ragingrage the Cleaver (level 8, -2/46 HPs)
             Began as a Gargoyle Cinder Acolyte on May 15, 2023.
             Was a High Priest of Ignis.
             Slain by a black bear (11 damage)
             ... on level 6 of the Dungeon.
             The game lasted 00:05:21 (5704 turns).

ragingrage the Cleaver (Gargoyle Cinder Acolyte)    Turns: 5704, Time: 00:05:21

Health: -2/46      AC: 15    Str: 20    XL:     8   Next: 74%
Magic:  0/10       EV: 10    Int: 15    God:    Ignis [*****.]
Gold:   168        SH:  0    Dex:  5    Spells: 6/10 levels left

rFire   + + .        a - -1 hand axe (flame)
rCold   + . .        (no shield)
rNeg    + . .        e - +0 ring mail
rPois   ∞            (no helmet)
rElec   +            x - scarf {rC+ rF+}
rCorr   .            d - +0 pair of gloves
SInv    .            (no boots)
Will    .....        (no amulet) Stlth
                     l - +4 ring of protection
HPRegen 0.27/turn    (no ring)
MPRegen 0.12/turn

%: no passive effects
@: no status effects
A: sickness immunity, AC +5, negative energy resistance 1, electricity
resistance, torment resistance 1, petrification resistance
a: Renounce Religion, Fiery Armour, Foxfire Swarm, Rising Flame


You were on level 6 of the Dungeon.
You worshipped Ignis.
Ignis was extremely pleased with you.
You visited 1 branch of the dungeon, and saw 6 of its levels.

You collected 168 gold pieces.

Inventory:

Hand Weapons
 a - a -1 hand axe of flaming (weapon)
 b - a +0 sling
Armour
 d - a +0 pair of gloves (worn)
 e - a +0 ring mail (worn)
 x - a scarf of resistance (worn)
Jewellery
 l - a +4 ring of protection (left hand)
 y - a ring of flight
 B - a ring of ice
Scrolls
 c - 2 scrolls of amnesia {unknown}
 f - 2 scrolls of acquirement {unknown}
 g - 2 scrolls of immolation {unknown}
 h - 3 scrolls of identify {unknown}
 j - 3 scrolls of teleportation {unknown}
 m - a scroll of blinking {unknown}
 q - 2 scrolls of fog {unknown}
 s - a scroll of butterflies {unknown}
 t - 2 scrolls of torment {unknown}
 u - a scroll of vulnerability {unknown}
 w - 2 scrolls of fear {unknown}
 A - a scroll of enchant armour {unknown}
Potions
 i - 2 potions of curing {unknown}
 k - 2 potions of degeneration {unknown}
 n - 3 potions of mutation {unknown}
 o - a potion of attraction {unknown}
 p - 2 potions of cancellation {unknown}
 r - a potion of lignification {unknown}
 v - a potion of might {unknown}
 z - a potion of heal wounds {unknown}


   Skills:
 - Level 3.2 Fighting
 + Level 9.0 Axes
 + Level 1.2 Armour
 + Level 1.5 Spellcasting
 + Level 5.2 Fire Magic


You had 6 spell levels left.
You knew the following spells:

 Your Spells              Type           Power      Damage    Failure   Level
a - Scorch                Fire           32%        2d6       7%          2
b - Wereblood             Tmut           1%         N/A       52%         2

Your spell library contained the following spells:

 Spells                   Type           Power      Damage    Failure   Level
 Summon Small Mammal      Summ           4%         N/A       36%         1
 Call Canine Familiar     Summ           1%         N/A       75%         3
 Gell's Gravitas          Tloc           1%         N/A       75%         3
 Summon Guardian Golem    Hex/Summ       1%         N/A       75%         3
 Teleport Other           Tloc           1%         N/A       75%         3
 Tukima's Dance           Hex            1%         N/A       75%         3
 Passage of Golubria      Tloc           1%         N/A       98%         4
 Yara's Violent Unravell  Hex/Tmut       0%         3d3       100%        5
 Dispersal                Tloc           0%         N/A       100%        6
 Orb of Destruction       Conj           0%         9d5       100%        7
 Spellforged Servitor     Conj/Summ      0%         N/A       100%        7
 Summon Hydra             Summ           0%         N/A       100%        7
 Sublimation of Blood     Necr           Unusable   N/A       N/A         2

Dungeon Overview and Level Annotations

Branches:
Dungeon (6/15)
 Temple: D:4-7

Altars:
Uskayaw

Shops:
D:3 :

Annotations:
D:5 Dowan


Innate Abilities, Weirdness & Mutations

You are immune to sickness and miasma.
Your stone body is resilient. (AC +5)
You are immune to poison.
You resist negative energy. (rN+)
You are resistant to electric shocks. (rElec)
You are resistant to unholy torment.
You are immune to petrification.


Message History

You hit the black bear. You burn the black bear.
The ice beast is no longer more vulnerable to fire.
The black bear is no longer more vulnerable to fire.
The black bear bites you. The black bear barely misses you.
The black bear claws you but does no damage.
You barely miss the black bear.
The black bear bites you but does no damage.
The black bear claws you but does no damage. x2
The black bear bites you but does no damage.
The black bear claws you but does no damage.
The black bear completely misses you.
You closely miss the black bear.
The black bear bites you but does no damage.
The black bear barely misses you.
The black bear claws you but does no damage.
You hit the black bear but do no damage.
The black bear bites you but does no damage.
The black bear claws you but does no damage. x2
You hit the black bear but do no damage.
The black bear bites you but does no damage.
The black bear barely misses you. The black bear closely misses you.
The black bear bites you but does no damage.
The black bear closely misses you.
The black bear claws you but does no damage.
You hit the black bear but do no damage.
You punch the black bear. The black bear barely misses you.
The black bear claws you but does no damage.
The black bear closely misses you.
Casting: Scorch (safe; 7% risk of failure) Flames lash the ice beast.
The ice beast melts!
The ice beast's fire resistance burns away.
The black bear closely misses you. The black bear claws you.
* * * LOW HITPOINT WARNING * * *
The black bear closely misses you.
You hit the black bear but do no damage.
The black bear bites you.
* * * LOW HITPOINT WARNING * * *
The black bear claws you but does no damage.
The black bear closely misses you. The black bear bites you!
You die...

.# ##
.##.
...##
h..##
...#
##..#
#Y.# #h##
#@# #.##
# ##.##
#. #..##
#. ##..#
###
#..###..#
#.##
#.....#
##.#
###..##
##..#
#..##
##..##


You could see a black bear (berserk) and an ice beast (combustible).

Vanquished Creatures
  Sigmund (D:2)
  A water moccasin (D:3)
  4 ogres (D:5)
  3 phantoms
  A bullfrog (D:6)
  A scorpion (D:5)
  4 hounds
  An orc priest (D:4)
  2 jellies
  An iguana (D:5)
  2 orc wizards
  4 gnolls (D:5)
  10 adders
  A white imp (D:4)
  5 dart slugs
  10 orcs
  11 ball pythons
  5 bats
  9 endoplasms
  A giant cockroach (D:1)
  4 goblins
  5 hobgoblins
  7 kobolds
  A quokka (D:3)
  2 frilled lizards
  6 rats
102 creatures vanquished.

Vanquished Creatures (others)
  21 foxfires (D:2)
21 creatures vanquished.

Grand Total: 123 creatures vanquished

Notes
Turn   | Place    | Note
-------+----------+-------------------------------------------
     0 | D:1      | ragingrage the Gargoyle Cinder Acolyte began the quest for
                  | the Orb.
     0 | D:1      | Reached XP level 1. HP: 14/14 MP: 2/2
    36 | D:1      | Reached skill level 3 in Axes
   128 | D:1      | Reached XP level 2. HP: 19/19 MP: 3/3
  1011 | D:2      | Reached XP level 3. HP: 23/23 MP: 4/4
  1028 | D:2      | Found a faded altar of an unknown god.
  1214 | D:2      | Learned a level 2 spell: Scorch
  1250 | D:2      | Noticed Sigmund
  1257 | D:2      | Killed Sigmund
  1258 | D:2      | Reached skill level 4 in Axes
  1258 | D:2      | Reached XP level 4. HP: 28/28 MP: 5/5
  1258 | D:2      | Reached XP level 5. HP: 32/32 MP: 6/6
  1799 | D:3      | Reached skill level 5 in Axes
  2013 | D:3      | Reached XP level 6. HP: 15/37 MP: 4/7
  2184 | D:3      | Noticed a water moccasin
  2187 | D:3      | Killed a water moccasin
  2188 | D:3      | Reached skill level 5 in Fire Magic
  2500 | D:3      | Found a hide-covered altar of Uskayaw.
  2557 | D:3      | Found Huh Jel's Book Shoppe.
  2910 | D:4      | Learned a level 2 spell: Wereblood
  3069 | D:4      | Reached skill level 6 in Axes
  3069 | D:4      | Reached XP level 7. HP: 41/41 MP: 1/8
  3782 | D:5      | Entered Level 5 of the Dungeon
  3916 | D:5      | Reached skill level 7 in Axes
  4050 | D:5      | Reached XP level 8. HP: 19/46 MP: 0/9
  4368 | D:5      | Reached skill level 8 in Axes
  5228 | D:5      | Noticed Dowan
  5492 | D:6      | Reached skill level 9 in Axes
  5591 | D:6      | Reached skill level 1 in Armour
  5704 | D:6      | Slain by a black bear

Illustrated notes

Levels and vault maps discovered:
D:1:      shiori_shiawase, layout_loops_ring,
          amcnicky_mini_rare_corridor_liquid, minmay_liquid_box
D:2:      layout_basic, shapermc_ecumenical_altar_hornbeckon, uniq_sigmund
D:3:      layout_loops_ring, nicolae_uskayaw_suspiria, serial_shops,
          nicolae_shop_stone, minmay_shallow_snake_nest
D:4:      layout_basic
D:5:      layout_basic, cheibrodos_gnoll_hut, uniq_duvessa
D:6:      layout_layer_cave, mainiacjoe_overflow_big_doors,
          ebering_ghost_inner_flame

Skill      XL: |  1  2  3  4  5  6  7  8 |
---------------+-------------------------+-----
Axes           | 3 4 5 6 7 9 |  9.0
Fire Magic     | 4 5 |  5.2
Armour         | 1 |  1.2
Fighting       | |  3.2
Spellcasting   | |  1.5

Action                     |  1- 3 |  4- 6 |  7- 9 || total
---------------------------+-------+-------+-------++-------
  Melee: Hand axe          |    87 |    80 |   125 ||   292
         Punch             |       |     1 |     3 ||     4
   Fire: Sling             |     7 |       |       ||     7
   Cast: Scorch            |       |    23 |    71 ||    94
 Invoke: Foxfire Swarm     |     1 |       |       ||     1
         Fiery Armour      |       |     1 |       ||     1
 Armour: Ring mail         |    40 |    72 |   140 ||   252
         Skin              |     3 |       |       ||     3
         Robe              |     1 |       |       ||     1
  Dodge: Dodged            |    47 |    55 |   104 ||   206
